 Dungeon Crawl Stone Soup version 0.22-a0-542-gce4f928 (webtiles) character file.

79 inc the Chopper (level 4, -1/41 HPs)
             Began as a Gnoll Chaos Knight on June 24, 2018.
             Slain by an iguana (6 damage)
             ... on level 2 of the Dungeon.
             The game lasted 00:01:30 (898 turns).

inc the Chopper (Gnoll Chaos Knight)                 Turns: 898, Time: 00:01:31

Health: -1/41      AC:  6    Str: 15    XL:     4   Next: 37%
Magic:  5/5        EV: 12    Int: 15    God:    Xom [..*...]
Gold:   75         SH:  0    Dex: 14    Spells: 5/5 levels left

rFire    . . .     SeeInvis .   a - +0 hand axe (chaos)
rCold    . . .     Gourm    .   (no shield)
rNeg     . . .     Faith    .   b - +2 leather armour
rPois    .         Spirit   .   i - +0 helmet
rElec    .         Reflect  .   (no cloak)
rCorr    .         Harm     .   (no gloves)
MR       .....                  (no boots)
Stlth    +.........             (no amulet)
HPRegen  0.13/turn              (no ring)
MPRegen  0.09/turn              (no ring)

@: no status effects
A: distributed training, fangs 1, strong nose
a: Renounce Religion


You were on level 2 of the Dungeon.
You worshipped Xom.
You were a toy of Xom.
You were not hungry.

You visited 1 branch of the dungeon, and saw 2 of its levels.

You collected 75 gold pieces.

Inventory:

Hand Weapons
 a - a +0 hand axe of chaos (weapon)
Armour
 b - a +2 leather armour (worn)
 i - a +0 helmet (worn)
Scrolls
 f - a scroll of amnesia {unknown}
 h - 4 scrolls of immolation {unknown}
 j - a scroll of enchant armour {unknown}
Potions
 d - 2 potions of heal wounds {unknown}
 e - a potion of invisibility {unknown}
 g - 2 potions of brilliance {unknown}
Comestibles
 c - 2 rations


   Skills:
 + Level 6.6 Fighting
 + Level 1.1 Short Blades
 + Level 1.1 Long Blades
 + Level 6.6 Axes
 + Level 1.1 Maces & Flails
 + Level 1.1 Polearms
 + Level 1.1 Staves
 + Level 1.1 Slings
 + Level 1.1 Bows
 + Level 1.1 Crossbows
 + Level 1.1 Throwing
 + Level 4.6 Armour
 + Level 2.7 Dodging
 + Level 1.1 Stealth
 + Level 1.1 Shields
 + Level 1.1 Unarmed Combat
 + Level 1.1 Spellcasting
 + Level 0.8 Conjurations
 + Level 0.8 Hexes
 + Level 0.8 Charms
 + Level 0.8 Summonings
 + Level 0.8 Necromancy
 + Level 0.8 Translocations
 + Level 0.8 Transmutations
 + Level 0.8 Fire Magic
 + Level 0.8 Ice Magic
 + Level 0.8 Air Magic
 + Level 0.8 Earth Magic
 + Level 0.8 Poison Magic
 + Level 1.2 Invocations
 + Level 1.1 Evocations


You had 5 spell levels left.
You didn't know any spells.
Your spell library was empty.

Dungeon Overview and Level Annotations

Branches:
Dungeon (2/15)

Altars:


Innate Abilities, Weirdness & Mutations

Your experience applies equally to all skills.
You have very sharp teeth.
Your uncanny sense of smell can sniff out nearby items.


Message History

The iguana bites you but does no damage.
Unknown command.
You hit the iguana but do no damage.
The iguana is heavily wounded.
The iguana bites you.
* * * LOW HITPOINT WARNING * * *
Unknown command.
You closely miss the iguana.
The iguana is heavily wounded.
The iguana completely misses you.
The iguana bites you but does no damage.
Unknown command.
You barely miss the iguana. Your bite misses the iguana.
The iguana is heavily wounded.
The iguana bites you but does no damage.
Unknown command.
You hit the iguana. You burn the iguana. You bite the iguana, but do no damage.
The iguana is heavily wounded.
The iguana bites you.
You die...

#.##.#.#.#.#
###.##.#.#.#.#
#...##.#.#.#.#
###.##.#.....#
#....#.#.###
######...#####.#
#.............#
#.#####.#######
#l@.....#
#########


You could see an iguana.

Vanquished Creatures
  Robin (D:2)
  An adder (D:2)
  2 worms (D:2)
  2 leopard geckos
  A giant cockroach (D:1)
  14 goblins
  4 hobgoblins
  3 jackals (D:1)
  3 kobolds
  6 bats
  3 frilled lizards
  11 rats (D:1)
51 creatures vanquished.

Vanquished Creatures (others)
  A goblin (D:1)
1 creature vanquished.

Grand Total: 52 creatures vanquished

Notes
Turn   | Place    | Note
-------+----------+-------------------------------------------
     0 | D:1      | inc the Gnoll Chaos Knight began the quest for the Orb.
     0 | D:1      | Reached XP level 1. HP: 23/23 MP: 1/1
    61 | D:1      | Reached XP level 2. HP: 26/29 MP: 2/2
   190 | D:1      | XOM: harmless Tmut miscast
   235 | D:1      | Reached XP level 3. HP: 35/35 MP: 3/3
   511 | D:1      | XOM: silly message
   527 | D:2      | Reached skill level 1 in Invocations
   577 | D:2      | XOM: divination: detect creatures
   582 | D:2      | Noticed Robin
   589 | D:2      | Reached skill level 1 in Short Blades
   589 | D:2      | Reached skill level 1 in Long Blades
   589 | D:2      | Reached skill level 1 in Maces & Flails
   589 | D:2      | Reached skill level 1 in Polearms
   589 | D:2      | Reached skill level 1 in Staves
   589 | D:2      | Reached skill level 1 in Slings
   589 | D:2      | Reached skill level 1 in Bows
   589 | D:2      | Reached skill level 1 in Crossbows
   589 | D:2      | Reached skill level 1 in Throwing
   589 | D:2      | Reached skill level 1 in Stealth
   589 | D:2      | Reached skill level 1 in Shields
   589 | D:2      | Reached skill level 1 in Unarmed Combat
   589 | D:2      | Reached skill level 1 in Spellcasting
   589 | D:2      | Reached skill level 1 in Evocations
   599 | D:2      | Reached XP level 4. HP: 36/41 MP: 5/5
   602 | D:2      | Killed Robin
   898 | D:2      | Slain by an iguana

Vault maps used:
D:1:      ebering_trefoil_3fold, st_stairs_7, minmay_rat_gold_closets
D:2:      first_ration, grunt_ministairs_2, uniq_robin

Skill      XL: |  1  2  3 |
---------------+----------+-----
Invocations    | 1 |  1.2
Short Blades   | 1 |  1.1
Long Blades    | 1 |  1.1
Maces & Flails | 1 |  1.1
Polearms       | 1 |  1.1
Staves         | 1 |  1.1
Slings         | 1 |  1.1
Bows           | 1 |  1.1
Crossbows      | 1 |  1.1
Throwing       | 1 |  1.1
Stealth        | 1 |  1.1
Shields        | 1 |  1.1
Unarmed Combat | 1 |  1.1
Spellcasting   | 1 |  1.1
Evocations     | 1 |  1.1
Fighting       | |  6.6
Axes           | |  6.6
Armour         | |  4.6
Dodging        | |  2.7
Conjurations   | |  0.8
Hexes          | |  0.8
Charms         | |  0.8
Summonings     | |  0.8
Necromancy     | |  0.8
Translocations | |  0.8
Transmutations | |  0.8
Fire Magic     | |  0.8
Ice Magic      | |  0.8
Air Magic      | |  0.8
Earth Magic    | |  0.8
Poison Magic   | |  0.8

Action                   |  1- 3 |  4- 6 || total
-------------------------+-------+-------++-------
Melee: Hand axe          |   107 |    34 ||   141
       Bite              |     7 |     2 ||     9
 Stab: Confused          |     1 |       ||     1
       Sleeping          |     4 |     1 ||     5
Armor: Leather armour    |    25 |    13 ||    38
Dodge: Dodged            |    52 |    17 ||    69

Table legend:
 A = Spawn XP
 B = Non-spawn XP
 C = Spawn XP percentage of total XP
 D = Spawn monster count
 E = Non-spawn monster count
 F = Spawn count percentage of total count
 G = Total turns spent on level
                    A         B        C        D         E        F      G
               +---------+---------+-------+---------+---------+-------+---------
         Total |       0 |     113 |   0.0 |       0 |      52 |   0.0 |   898
               +---------+---------+-------+---------+---------+-------+---------
           D:1 |       0 |      46 |   0.0 |       0 |      31 |   0.0 |   512
           D:2 |       0 |      67 |   0.0 |       0 |      21 |   0.0 |   386
               +---------+---------+-------+---------+---------+-------+---------
